 Dungeon Crawl Stone Soup version 0.18.1-48-g4cf74bf (webtiles) character file.

6619 traxtorm the Protected (level 10, -8/92 HPs)
             Began as a Minotaur Berserker on Aug 5, 2016.
             Was an Elder of Trog.
             Mangled by a sixfirhy (9 damage)
             ... summoned by a kobold demonologist
             ... on level 11 of the Dungeon.
             The game lasted 00:44:37 (9006 turns).

traxtorm the Protected (Minotaur Berserker)         Turns: 9006, Time: 00:44:42

Health: -8/92      AC: 18    Str: 24    XL:     10   Next: 72%
Magic:  10/10      EV: 10    Int:  4    God:    Trog [****..]
Gold:   471        SH:  0    Dex: 11    Spells: 0 memorised, 9 levels left

rFire  . . .     SeeInvis +     a - +4 quarterstaff (chaos)
rCold  + . .     Gourm    .     y - +0 plate armour
rNeg   . . .     Faith    .     (shield currently unavailable)
rPois  .         Spirit   .     (helmet restricted)
rElec  .         Dismiss  .     j - +0 cloak
rCorr  .         Reflect  .     (no gloves)
SustAt .         Harm     .     n - +0 pair of boots
MR     .....                    (no amulet)
Stlth  ..........               x - ring of see invisible
                                l - ring of protection from cold

@: not resistant to hostile enchantments, extremely unstealthy
A: retaliatory headbutt, horns 2
a: Berserk, Trog's Hand, Brothers in Arms, Burn Spellbooks, Renounce Religion


You were on level 11 of the Dungeon.
You worshipped Trog.
Trog was greatly pleased with you.
You were not hungry.

You visited 1 branch of the dungeon, and saw 11 of its levels.

You collected 471 gold pieces.

Inventory:

Hand Weapons
 a - a +4 quarterstaff of chaos (weapon)
 c - a +0 shortbow
 g - a +3 dagger of freezing
 u - the +7 rapier "Zilud" {flame, rF+ Stlth+, unknown}
   (You found it on level 7 of the Dungeon)

   It has been specially enchanted to burn those struck by it, causing extra
   injury to most foes and up to half again as much damage against particularly
   susceptible opponents.
   It protects you from fire.
   It makes you more stealthy.
Missiles
 h - 67 arrows
 i - 304 stones
 o - 6 silver tomahawks (quivered)
 A - 24 sling bullets
Armour
 j - a +0 cloak (worn)
 n - a +0 pair of boots (worn)
 y - a +0 plate armour (worn)
Jewellery
 l - a ring of protection from cold (left hand)
 x - a ring of see invisible (right hand)
Wands
 d - a wand of slowing (12/48)
 e - a wand of random effects (35/48)
 m - a wand of teleportation (3/9)
 q - a wand of enslavement (6/24)
 r - a wand of digging (12/24)
 z - a wand of iceblast (6/15)
 D - a wand of iceblast (2/15)
Scrolls
 b - 2 scrolls of identify
 f - 4 scrolls of remove curse
 v - a scroll of recharging
 C - a scroll of magic mapping
Potions
 k - a potion of ambrosia
 t - a potion of heal wounds
 w - a potion of berserk rage {unknown}
Comestibles
 s - a bread ration


   Skills:
 + Level 9.7 Fighting
 + Level 2.0 Short Blades
   Level 4.2 Axes
 + Level 8.2 Staves
 + Level 4.1 Throwing
 + Level 11.5 Armour
 + Level 6.7 Dodging
 + Level 2.1 Stealth
 + Level 1.5 Evocations


You had 9 spell levels left.
You didn't know any spells.

Dungeon Overview and Level Annotations

Branches:
Dungeon (11/15)            Temple (0/1) D:7            Lair (0/8) D:11
    Orc: D:9-12

Altars:
Ashenzari
Cheibriados
Elyvilon
Fedhas
Okawaru
Pakellas
Vehumet
The Shining One

Annotations:
D:3 Aun's ghost, amateur HOBe


Innate Abilities, Weirdness & Mutations

You reflexively headbutt those who attack you in melee.
You have a pair of horns on your head.


Message History

You miss the sixfirhy. Your headbutt misses the sixfirhy.
The sixfirhy is moderately wounded.
The sixfirhy hits you. The sixfirhy shocks you! The sixfirhy barely misses you.
You furiously retaliate!
You headbutt the sixfirhy, but do no damage.
The sixfirhy hits you. The sixfirhy shocks you!
* * * LOW HITPOINT WARNING * * *
As you read the scroll of teleportation, it crumbles to dust.
You feel strangely unstable. The sixfirhy hits you.
* * * LOW HITPOINT WARNING * * *
The sixfirhy shocks you!
* * * LOW HITPOINT WARNING * * *
Your surroundings seem slightly different.
The sixfirhy hits you but does no damage.
The sixfirhy hits you.
* * * LOW HITPOINT WARNING * * *
The sixfirhy shocks you!
* * * LOW HITPOINT WARNING * * *
The sixfirhy hits you!
You die... #.......PPP...PP# ###..P§PPPl.>.PP# #.#PPPPPPP..PP# #K##PPPPPPPPP##

##3############
#....###.##..#
##............#
##4.§..#..###..##
#.@#...##.###...#
#........##.......##
#..###.>.######.#..##
#... ##.## ####.#....
#### #... ......<...
####....#.##### . .#.
# . .. # . #


You could see a kobold demonologist, a sixfirhy and a smoke demon.

Vanquished Creatures
  Urug (D:10)
  A cyclops (D:11)
  Joseph (D:7)
  2 trolls
  6 yaks (D:11)
  A water moccasin (D:9)
  3 orc warriors
  3 ice beasts
  A sky beast (D:5)
  A black bear (D:6)
  A necrophage (D:9)
  A phantom (D:10)
  5 ogres
  3 centaurs
  A big kobold (D:9)
  6 giant frogs
  A scorpion (D:4)
  A water moccasin skeleton (D:5)
  6 howler monkeys
  3 centaur zombies
  3 crimson imps
  A quasit (D:9)
  Crazy Yiuf (D:4)
  4 hounds
  5 orc wizards
  4 orc priests
  4 jellies
  2 centaur skeletons
  2 iguanas
  Natasha (twice) (D:4)
  5 worker ants
  A killer bee zombie (D:7)
  A hound zombie (D:5)
  A worker ant zombie (D:5)
  A gnoll (D:9)
  A howler monkey skeleton (D:5)
  6 adders
  3 shadow imps
  An ooze (D:2)
  An adder skeleton (D:4)
  6 worms
  7 dart slugs
  2 giant geckos
  25 orcs
  A ball python (D:1)
  8 bats
  3 giant cockroaches
  9 goblins
  A hobgoblin (shapeshifter) (D:7)
  6 hobgoblins
  3 jackals (D:2)
  4 quokkas
  4 giant newts
  7 kobolds
  8 rats
  A fungus (D:4)
192 creatures vanquished.

Notes
Turn   | Place    | Note
--------------------------------------------------------------
     0 | D:1      | traxtorm the Minotaur Berserker began the quest for the Orb.
     0 | D:1      | Reached XP level 1. HP: 19/19 MP: 0/0
   115 | D:1      | Reached XP level 2. HP: 23/27 MP: 1/1
   474 | D:1      | Reached XP level 3. HP: 31/33 MP: 2/2
   656 | D:1      | Reached ** piety under Trog
   776 | D:2      | Reached skill level 3 in Armour
   781 | D:2      | Reached XP level 4. HP: 35/41 MP: 3/3
   797 | D:2      | Reached skill level 1 in Short Blades
  1041 | D:2      | Reached skill level 1 in Throwing
  1131 | D:2      | Found a white marble altar of Elyvilon.
  1998 | D:3      | Reached *** piety under Trog
  2015 | D:3      | Found an oddly glowing altar of Pakellas.
  2128 | D:3      | Reached XP level 5. HP: 46/47 MP: 4/4
  2131 | D:3      | Found a blossoming altar of Fedhas.
  2144 | D:3      | Noticed Aun's ghost (amateur HOBe)
  2249 | D:4      | Reached skill level 4 in Armour
  2264 | D:4      | Reached skill level 5 in Fighting
  2536 | D:4      | Noticed Natasha
  2552 | D:4      | Killed Natasha
  2552 | D:4      | Reached XP level 6. HP: 35/56 MP: 5/5
  2647 | D:4      | Noticed Crazy Yiuf
  2653 | D:4      | Killed Crazy Yiuf
  2653 | D:4      | Received a gift from Trog
  2872 | D:4      | Noticed Natasha
  2875 | D:4      | Killed Natasha
  2988 | D:5      | Entered Level 5 of the Dungeon
  3004 | D:5      | Found a glowing golden altar of the Shining One.
  3035 | D:5      | Reached skill level 5 in Armour
  3177 | D:5      | Got a crude short sword
  3184 | D:5      | Reached XP level 7. HP: 61/61 MP: 6/6
  3632 | D:5      | Found a shattered altar of Ashenzari.
  3806 | D:6      | Reached skill level 1 in Staves
  3806 | D:6      | Reached skill level 5 in Dodging
  3813 | D:6      | Reached skill level 6 in Armour
  3963 | D:6      | Identified the Reference Book on Torrid Evil
  4135 | D:6      | Reached XP level 8. HP: 58/70 MP: 7/7
  4470 | D:6      | Reached skill level 7 in Armour
  4730 | D:7      | Found a staircase to the Ecumenical Temple.
  4747 | D:7      | Found an iron altar of Okawaru.
  4808 | D:7      | Found a radiant altar of Vehumet.
  4835 | D:7      | Got a slimy rapier
  5062 | D:7      | Noticed Joseph
  5095 | D:7      | Killed Joseph
  5095 | D:7      | Reached skill level 8 in Armour
  5095 | D:7      | Reached skill level 1 in Stealth
  5095 | D:7      | Reached XP level 9. HP: 68/79 MP: 8/8
  5873 | D:8      | Reached **** piety under Trog
  6013 | D:8      | Found a snail-covered altar of Cheibriados.
  6053 | D:8      | Reached skill level 5 in Staves
  6094 | D:8      | Reached skill level 9 in Armour
  7165 | D:9      | Noticed a troll
  7209 | D:9      | Reached skill level 10 in Armour
  7291 | D:9      | Killed a troll
  7291 | D:9      | Reached XP level 10. HP: 46/90 MP: 9/9
  7582 | D:10     | Entered Level 10 of the Dungeon
  7857 | D:10     | Noticed Urug
  7877 | D:10     | Killed Urug
  7884 | D:10     | HP: 4/91 [hound (4)]
  7975 | D:10     | Noticed a cyan ugly thing
  8306 | D:11     | Reached skill level 1 in Evocations
  8307 | D:11     | Reached skill level 11 in Armour
  8574 | D:11     | Noticed a cyclops
  8586 | D:11     | Killed a cyclops
  8983 | D:11     | Found a staircase to the Lair.
  8992 | D:11     | Noticed a sixfirhy
  8997 | D:11     | Noticed a smoke demon
  9006 | D:11     | HP: 1/92 [sixfirhy[a kobold demonologist] (8)]
  9006 | D:11     | Mangled by a sixfirhy

Skill      XL: |  1  2  3  4  5  6  7  8  9 10 |
---------------+-------------------------------+-----
Fighting       | 4 5 6 7 8 9 |  9.7
Axes           | 4 |  4.2
Armour         | 3 4 5 6 8 10 11 | 11.5
Short Blades   | 1 2 |  2.0
Throwing       | 1 2 3 4 |  4.1
Dodging        | 3 4 5 6 |  6.7
Staves         | 2 4 6 8 |  8.2
Stealth        | 1 2 |  2.1
Evocations     | 1 |  1.5

Action                   |  1- 3 |  4- 6 |  7- 9 | 10-12 || total
-------------------------+-------+-------+-------+-------++-------
Melee: Hand axe          |    11 |       |       |       ||    11
       Dagger            |    34 |   113 |       |       ||   147
       Headbutt          |     5 |    27 |    41 |    21 ||    94
       Quarterstaff      |       |    31 |   260 |    93 ||   384
Throw: Stone             |    12 |    31 |       |       ||    43
       Tomahawk          |       |     2 |    12 |       ||    14
Invok: Burn Spellbooks   |       |       |     1 |       ||     1
Evoke: Wand              |       |       |     2 |     3 ||     5
  Use: Scroll            |     3 |     5 |     9 |     1 ||    18
       Potion            |     2 |     5 |     4 |     1 ||    12
 Stab: Confused          |       |       |     2 |       ||     2
  Eat: Bread ration      |       |     2 |     1 |     1 ||     4
       Chunk             |       |       |     4 |     2 ||     6
       Royal jelly       |       |       |     2 |       ||     2
Armor: Animal skin       |     3 |       |       |       ||     3
       Robe              |     6 |       |       |       ||     6
       Ring mail         |    11 |    43 |    43 |       ||    97
       Plate armour      |       |       |   115 |    45 ||   160
Dodge: Dodged            |    42 |    68 |   179 |    43 ||   332
